| TOP OF THE 1ST |
|
Chicago Cubs batting - Pitching for St. Louis Cardinals : LHP Ken Holtzman
|
|
Pitching: LHP Ken Holtzman
|
|
|
Batting: RHB Gary Ward
|
0-0: Called Strike 0-1: Swinging Strike 0-2: Strikes out swinging
|
|
Batting: LHB Johnny Grubb
|
0-0: Called Strike 0-1: Ball 1-1: Ball 2-1: Swinging Strike 2-2: Ball 3-2: Base on Balls
|
|
Batting: RHB Lonnie Smith
|
0-0: Ball 1-0: Ball 2-0: Ball 3-0: Base on Balls Johnny Grubb to second
|
|
Batting: RHB Jim Rice
|
0-0: Foul Ball, location: 2F 0-1: Called Strike 0-2: Ball 1-2: Fielders Choice at 2nd, 6-4 (Groundball, 6, EV 100.0 MPH) Johnny Grubb to third
|
|
Batting: SHB Roy Smalley
|
0-0: Swinging Strike Passed Ball! Johnny Grubb scores Jim Rice to second 0-1: Ball 1-1: 2-RUN HOME RUN (Flyball, 7D, EV 93.8 MPH), Distance : 366 ft
|
|
Batting: RHB Randy Ready
|
0-0: Ball 1-0: Foul Ball, location: 2F 1-1: Ball 2-1: Swinging Strike 2-2: Ball 3-2: SOLO HOME RUN (Flyball, 78XD, EV 107.5 MPH), Distance : 445 ft
|
|
Batting: RHB Fran Mullins
|
0-0: Called Strike 0-1: Ball 1-1: Called Strike 1-2: Strikes out looking
|
| Top of the 1st over - 4 runs, 2 hits, 0 errors, 0 left on base; Chicago 4 - St. Louis 0 |
| BOTTOM OF THE 1ST |
|
St. Louis Cardinals batting - Pitching for Chicago Cubs : RHP Danny Darwin
|
|
Pitching: RHP Danny Darwin
|
|
|
Batting: SHB Otis Nixon
|
0-0: Fly out, F8 (Flyball, 8RM, EV 88.8 MPH)
|
|
Batting: LHB Jim Gantner
|
0-0: Called Strike 0-1: Ball 1-1: SINGLE (Groundball, 3D, EV 106.3 MPH)
|
|
Batting: RHB Sixto Lezcano
|
0-0: Swinging Strike 0-1: Ball 1-1: Swinging Strike 1-2: Fly out, F9 (Flyball, 89M, EV 92.5 MPH)
|
|
Batting: LHB Pat Putnam
|
0-0: Swinging Strike 0-1: Swinging Strike 0-2: Ball 1-2: Strikes out swinging
|
| Bottom of the 1st over - 0 runs, 1 hit, 0 errors, 1 left on base; Chicago 4 - St. Louis 0 |
| TOP OF THE 2ND |
|
Chicago Cubs batting - Pitching for St. Louis Cardinals : LHP Ken Holtzman
|
|
Batting: RHB Rick Cerone
|
0-0: Foul Ball, location: 2F 0-1: Ball 1-1: Fly out, F9 (Flyball, 9, EV 85.0 MPH)
|
|
Batting: RHB Danny Darwin
|
0-0: Foul Ball, location: 2F 0-1: Called Strike 0-2: Strikes out swinging
|
|
Batting: RHB Gary Ward
|
0-0: Called Strike 0-1: Foul Ball, location: 2F 0-2: Ball 1-2: Strikes out swinging
|
| Top of the 2nd over - 0 runs, 0 hits, 0 errors, 0 left on base; Chicago 4 - St. Louis 0 |
| BOTTOM OF THE 2ND |
|
St. Louis Cardinals batting - Pitching for Chicago Cubs : RHP Danny Darwin
|
|
Batting: RHB Bob Watson
|
0-0: Ball 1-0: Fly out, F9 (Flyball, 9S, EV 73.8 MPH)
|
|
Batting: LHB Mike Davis
|
0-0: Ball 1-0: Ball 2-0: Foul Ball, location: 2F 2-1: Fly out, F8 (Line Drive, 8LD, EV 86.3 MPH)
|
|
Batting: RHB Joe Torre
|
0-0: Called Strike 0-1: Ball 1-1: Ground out 5-3 (Groundball, 56, EV 81.9 MPH)
|
| Bottom of the 2nd over - 0 runs, 0 hits, 0 errors, 0 left on base; Chicago 4 - St. Louis 0 |
| TOP OF THE 3RD |
|
Chicago Cubs batting - Pitching for St. Louis Cardinals : LHP Ken Holtzman
|
|
Batting: LHB Johnny Grubb
|
0-0: Foul Ball, location: 2F 0-1: Swinging Strike 0-2: Ball 1-2: Ball 2-2: Ground out 1-3 (Groundball, 13S, EV 76.3 MPH)
|
|
Batting: RHB Lonnie Smith
|
0-0: Called Strike 0-1: Called Strike 0-2: Ball 1-2: Ball 2-2: Ball 3-2: Base on Balls
|
|
Batting: RHB Jim Rice
|
0-0: SINGLE (Groundball, 25, EV 65.0 MPH) (infield hit) Lonnie Smith to second
|
|
Batting: SHB Roy Smalley
|
0-0: Ball 1-0: Fly out, F8 (Flyball, 89M, EV 89.4 MPH)
|
|
Batting: RHB Randy Ready
|
0-0: Foul Ball, location: 2F 0-1: Ground out 2-3 (Groundball, 15S, EV 65.0 MPH)
|
| Top of the 3rd over - 0 runs, 1 hit, 0 errors, 2 left on base; Chicago 4 - St. Louis 0 |
| BOTTOM OF THE 3RD |
|
St. Louis Cardinals batting - Pitching for Chicago Cubs : RHP Danny Darwin
|
|
Batting: SHB Billy E Smith
|
0-0: Ball 1-0: Ball 2-0: Foul Ball, location: 2F 2-1: Foul Ball, location: 2F 2-2: Foul Ball, location: 2F 2-2: Strikes out swinging
|
|
Batting: RHB Ken Holtzman
|
0-0: Called Strike 0-1: Ball 1-1: Ball 2-1: Foul Ball, location: 2F 2-2: SINGLE (Groundball, 3D, EV 101.9 MPH)
|
|
Batting: SHB Otis Nixon
|
0-0: Swinging Strike 0-1: Foul Ball, location: 2F 0-2: Fielders Choice at 2nd, 4-6 (Groundball, 4, EV 86.9 MPH)
|
|
Batting: LHB Jim Gantner
|
0-0: Called Strike Otis Nixon steals 2nd, throwing error, E2 Otis Nixon to third 0-1: Fly out, F8 (Line Drive, 8RM, EV 99.4 MPH)
|
| Bottom of the 3rd over - 0 runs, 1 hit, 1 error, 1 left on base; Chicago 4 - St. Louis 0 |
| TOP OF THE 4TH |
|
Chicago Cubs batting - Pitching for St. Louis Cardinals : LHP Ken Holtzman
|
|
Batting: RHB Fran Mullins
|
0-0: Ball 1-0: Foul Ball, location: 2F 1-1: SINGLE (Groundball, 34D, EV 94.4 MPH)
|
|
Batting: RHB Rick Cerone
|
0-0: Ball 1-0: Grounds into double play, 6-4-3 (Groundball, 6, EV 97.5 MPH)
|
|
Batting: RHB Danny Darwin
|
0-0: Ball 1-0: Swinging Strike 1-1: Called Strike 1-2: Ball 2-2: Fly out, F9 (Flyball, 9LM, EV 77.5 MPH)
|
| Top of the 4th over - 0 runs, 1 hit, 0 errors, 0 left on base; Chicago 4 - St. Louis 0 |
| BOTTOM OF THE 4TH |
|
St. Louis Cardinals batting - Pitching for Chicago Cubs : RHP Danny Darwin
|
|
Batting: RHB Sixto Lezcano
|
0-0: Ball 1-0: DOUBLE (Line Drive, 7LS, EV 104.4 MPH)
|
|
Batting: LHB Pat Putnam
|
0-0: Called Strike Sixto Lezcano steals 3rd base 0-1: Called Strike 0-2: Ball 1-2: Fly out, F7 (Line Drive, 7, EV 108.1 MPH) Runner from 3rd tags up, SCORES, throw by LF
|
|
Batting: RHB Bob Watson
|
0-0: Ground out 5-3 (Groundball, 56S, EV 66.3 MPH)
|
|
Batting: LHB Mike Davis
|
0-0: Ball 1-0: Called Strike 1-1: Ball 2-1: Foul Ball, location: 2F 2-2: Foul Ball, location: 2F 2-2: Ball 3-2: Foul Ball, location: 2F 3-2: Foul Ball, location: 2F 3-2: SOLO HOME RUN (Flyball, 89XD, EV 98.8 MPH), Distance : 421 ft
|
|
Batting: RHB Joe Torre
|
0-0: Ball 1-0: Ball 2-0: Foul Ball, location: 2F 2-1: Swinging Strike 2-2: SOLO HOME RUN (Flyball, 7D, EV 100.0 MPH), Distance : 370 ft
|
|
Batting: SHB Billy E Smith
|
0-0: Ball 1-0: Called Strike 1-1: Ball 2-1: Ball 3-1: Base on Balls
|
|
Batting: RHB Ken Holtzman
|
0-0: Called Strike 0-1: Fly out, F7 (Line Drive, 7, EV 94.4 MPH)
|
| Bottom of the 4th over - 3 runs, 3 hits, 0 errors, 1 left on base; Chicago 4 - St. Louis 3 |
| TOP OF THE 5TH |
|
Chicago Cubs batting - Pitching for St. Louis Cardinals : LHP Ken Holtzman
|
|
Batting: RHB Gary Ward
|
0-0: Swinging Strike 0-1: Swinging Strike 0-2: Strikes out swinging
|
|
Batting: LHB Johnny Grubb
|
0-0: Foul Ball, location: 2F 0-1: Ball 1-1: Ball 2-1: Foul Ball, location: 2F 2-2: Strikes out swinging
|
|
Batting: RHB Lonnie Smith
|
0-0: Ball 1-0: Swinging Strike 1-1: Foul Ball, location: 2F 1-2: Ball 2-2: Ball 3-2: Foul Ball, location: 2F 3-2: Foul Ball, location: 2F 3-2: Foul Ball, location: 2F 3-2: Fly out, F9 (Line Drive, 9, EV 83.8 MPH)
|
| Top of the 5th over - 0 runs, 0 hits, 0 errors, 0 left on base; Chicago 4 - St. Louis 3 |
| BOTTOM OF THE 5TH |
|
St. Louis Cardinals batting - Pitching for Chicago Cubs : RHP Danny Darwin
|
|
Batting: SHB Otis Nixon
|
0-0: Called Strike 0-1: Called Strike 0-2: Ball 1-2: Foul Ball, location: 2F 1-2: Ball 2-2: Ground out 1-3 (Groundball, 13S, EV 74.4 MPH)
|
|
Batting: LHB Jim Gantner
|
0-0: Foul Ball, location: 2F 0-1: Foul Ball, location: 2F 0-2: Strikes out swinging
|
|
Batting: RHB Sixto Lezcano
|
0-0: Ball 1-0: Called Strike 1-1: Ball 2-1: Fly out, F7 (Flyball, 78D, EV 100.6 MPH)
|
| Bottom of the 5th over - 0 runs, 0 hits, 0 errors, 0 left on base; Chicago 4 - St. Louis 3 |
| TOP OF THE 6TH |
|
Chicago Cubs batting - Pitching for St. Louis Cardinals : LHP Ken Holtzman
|
|
Batting: RHB Jim Rice
|
0-0: Ball 1-0: Ground out 1-3 (Groundball, 34S, EV 76.3 MPH)
|
|
Batting: SHB Roy Smalley
|
0-0: Called Strike 0-1: SINGLE (Line Drive, 8LS, EV 88.1 MPH)
|
|
Batting: RHB Randy Ready
|
0-0: Foul Ball, location: 2F 0-1: Called Strike 0-2: Foul Ball, location: 2F 0-2: Fly out, F6 (Popup, 6MD, EV 66.3 MPH)
|
|
Batting: RHB Fran Mullins
|
0-0: Foul Ball, location: 2F 0-1: Swinging Strike 0-2: Ball 1-2: Fly out, F4 (Popup, 4, EV 65.6 MPH)
|
| Top of the 6th over - 0 runs, 1 hit, 0 errors, 1 left on base; Chicago 4 - St. Louis 3 |
| BOTTOM OF THE 6TH |
|
St. Louis Cardinals batting - Pitching for Chicago Cubs : RHP Danny Darwin
|
|
Batting: LHB Pat Putnam
|
0-0: Ball 1-0: Foul Ball, location: 2F 1-1: Swinging Strike 1-2: Ball 2-2: Foul Ball, location: 2F 2-2: Strikes out swinging
|
|
Batting: RHB Bob Watson
|
0-0: Ball 1-0: Called Strike 1-1: Foul Ball, location: 2F 1-2: Ball 2-2: Foul Ball, location: 2F 2-2: Ball 3-2: Fly out, F6 (Popup, 6, EV 53.1 MPH)
|
|
Batting: LHB Mike Davis
|
0-0: Ball 1-0: Called Strike 1-1: Foul Ball, location: 2F 1-2: Ball 2-2: Foul Ball, location: 2F 2-2: Ball 3-2: Ground out U3 (Groundball, 34, EV 78.8 MPH)
|
| Bottom of the 6th over - 0 runs, 0 hits, 0 errors, 0 left on base; Chicago 4 - St. Louis 3 |
| TOP OF THE 7TH |
|
Chicago Cubs batting - Pitching for St. Louis Cardinals : LHP Ken Holtzman
|
|
Batting: RHB Rick Cerone
|
0-0: Ball 1-0: Ball 2-0: Foul Ball, location: 2F 2-1: Swinging Strike 2-2: Foul Ball, location: 2F 2-2: Foul Ball, location: 2F 2-2: Ground out 5-3 (Groundball, 56S, EV 62.5 MPH)
|
|
Batting: RHB Danny Darwin
|
0-0: Called Strike 0-1: Ball 1-1: Swinging Strike 1-2: Strikes out swinging
|
|
Batting: RHB Gary Ward
|
0-0: Fly out, F9 (Flyball, 89D, EV 85.6 MPH)
|
| Top of the 7th over - 0 runs, 0 hits, 0 errors, 0 left on base; Chicago 4 - St. Louis 3 |
| BOTTOM OF THE 7TH |
|
St. Louis Cardinals batting - Pitching for Chicago Cubs : RHP Danny Darwin
|
|
Batting: RHB Joe Torre
|
0-0: Ground out 6-3 (Groundball, 6, EV 103.8 MPH)
|
|
Batting: SHB Billy E Smith
|
0-0: Ball 1-0: Ball 2-0: Ball 3-0: Base on Balls
|
|
Pinch Hitting: LHB Mark Hildebrand
|
0-0: Ball 1-0: Called Strike Billy E Smith steals 2nd base (no throw) 1-1: Ball 2-1: Swinging Strike 2-2: Ball 3-2: Ground out 4-3 (Groundball, 4S, EV 90.6 MPH) Billy E Smith to third
|
|
Pitching: RHP Robert Weismiller
|
|
|
Batting: SHB Otis Nixon
|
0-0: Ball 1-0: Ground out 3-1 (Groundball, 23, EV 87.5 MPH)
|
| Bottom of the 7th over - 0 runs, 0 hits, 0 errors, 1 left on base; Chicago 4 - St. Louis 3 |
| TOP OF THE 8TH |
|
Chicago Cubs batting - Pitching for St. Louis Cardinals : LHP Ken Holtzman
|
|
Pitching: RHP Robert Arnold
|
|
|
Batting: LHB Johnny Grubb
|
0-0: Ball 1-0: Called Strike 1-1: Ball 2-1: Ball 3-1: Foul Ball, location: 2F 3-2: Fly out, F5 (Popup, 5SF, EV 76.3 MPH)
|
|
Batting: RHB Lonnie Smith
|
0-0: Called Strike 0-1: Ball 1-1: Foul Ball, location: 2F 1-2: Strikes out swinging, 2-3 out at first.
|
|
Batting: RHB Jim Rice
|
0-0: Foul Ball, location: 2F 0-1: Called Strike 0-2: Foul Ball, location: 2F 0-2: Ball 1-2: Strikes out swinging
|
| Top of the 8th over - 0 runs, 0 hits, 0 errors, 0 left on base; Chicago 4 - St. Louis 3 |
| BOTTOM OF THE 8TH |
|
St. Louis Cardinals batting - Pitching for Chicago Cubs : RHP Robert Weismiller
|
|
Batting: LHB Jim Gantner
|
0-0: Foul Ball, location: 2F 0-1: Ball 1-1: Foul Ball, location: 2F 1-2: SINGLE (Line Drive, 9S, EV 103.1 MPH)
|
|
Batting: RHB Sixto Lezcano
|
0-0: Ball 1-0: Ball Wild Pitch! Jim Gantner to second 2-0: Ball 3-0: Base on Balls
|
|
Batting: LHB Pat Putnam
|
0-0: Fly out, F6 (Flyball, 6MD, EV 85.6 MPH)
|
|
Batting: RHB Bob Watson
|
0-0: Swinging Strike 0-1: Ball 1-1: Ball 2-1: Called Strike 2-2: Strikes out swinging
|
|
Batting: LHB Mike Davis
|
0-0: Called Strike 0-1: Ball 1-1: Ground out U3 (Groundball, 3, EV 93.1 MPH)
|
| Bottom of the 8th over - 0 runs, 1 hit, 0 errors, 2 left on base; Chicago 4 - St. Louis 3 |
| TOP OF THE 9TH |
|
Chicago Cubs batting - Pitching for St. Louis Cardinals : RHP Robert Arnold
|
|
Batting: SHB Roy Smalley
|
0-0: Ball 1-0: Ball 2-0: Fly out, F9 (Flyball, 9, EV 88.8 MPH)
|
|
Batting: RHB Randy Ready
|
0-0: Ball 1-0: Foul Ball, location: 2F 1-1: Ball 2-1: Called Strike 2-2: Strikes out swinging
|
|
Batting: RHB Fran Mullins
|
0-0: Fly out, F6 (Flyball, 56D, EV 85.0 MPH)
|
| Top of the 9th over - 0 runs, 0 hits, 0 errors, 0 left on base; Chicago 4 - St. Louis 3 |
| BOTTOM OF THE 9TH |
|
St. Louis Cardinals batting - Pitching for Chicago Cubs : RHP Robert Weismiller
|
|
Now in LF: Dave Bergman
|
|
|
Batting: RHB Joe Torre
|
0-0: Ball 1-0: SINGLE (Line Drive, 3D, EV 95.6 MPH)
|
|
Batting: SHB Billy E Smith
|
0-0: Swinging Strike 0-1: Ball 1-1: Ball 2-1: SINGLE (Line Drive, 89S, EV 109.4 MPH) Joe Torre to second
|
|
Pinch Hitting: RHB Pascual D'Annunzio
|
0-0: Called Strike 0-1: Ball 1-1: Fielders Choice at 2nd, 6-4 (Groundball, 6, EV 102.5 MPH) Joe Torre to third
|
|
Pitching: RHP George Durham
|
|
|
Batting: SHB Otis Nixon
|
0-0: Called Strike 0-1: Ball 1-1: Ball 2-1: Swinging Strike 2-2: Reached on error, E6 (Groundball, 6, EV 106.3 MPH) Joe Torre scores Pascual D'Annunzio to second
|
|
Batting: LHB Jim Gantner
|
0-0: Called Strike Pascual D'Annunzio steals 3rd base Otis Nixon to second 0-1: Ball 1-1: Intentional Walk
|
|
Batting: RHB Sixto Lezcano
|
0-0: Foul Ball, location: 2F 0-1: Swinging Strike 0-2: Grounds into fielders choice 5-2 (Groundball, 56S, EV 90.6 MPH) Otis Nixon to third Jim Gantner to second
|
|
Batting: LHB Pat Putnam
|
0-0: Ball 1-0: Called Strike 1-1: Ball 2-1: Fly out, F8 (Flyball, 78D, EV 102.5 MPH)
|
| Bottom of the 9th over - 1 run, 2 hits, 1 error, 3 left on base; Chicago 4 - St. Louis 4 |
| TOP OF THE 10TH |
|
Chicago Cubs batting - Pitching for St. Louis Cardinals : RHP Robert Arnold
|
|
Pitching: RHP Larry Andersen
|
|
|
Batting: RHB Rick Cerone
|
0-0: Swinging Strike 0-1: Ball 1-1: Fly out, F7 (Flyball, 7LD, EV 90.6 MPH)
|
|
Pinch Hitting: LHB Gerald Perry
|
0-0: Called Strike 0-1: Ball 1-1: Called Strike 1-2: Ball 2-2: Foul Ball, location: 2F 2-2: Strikes out swinging
|
|
Batting: RHB Gary Ward
|
0-0: Ball 1-0: Ball 2-0: Ground out 6-3 (Groundball, 56D, EV 104.4 MPH)
|
| Top of the 10th over - 0 runs, 0 hits, 0 errors, 0 left on base; Chicago 4 - St. Louis 4 |
| BOTTOM OF THE 10TH |
|
St. Louis Cardinals batting - Pitching for Chicago Cubs : RHP George Durham
|
|
Pitching: RHP Tom Niedenfuer
|
|
|
Batting: RHB Bob Watson
|
0-0: Called Strike 0-1: Ground out U3 (Groundball, 3S, EV 81.9 MPH)
|
|
Batting: LHB Mike Davis
|
0-0: Called Strike 0-1: Ball 1-1: Called Strike 1-2: Ball 2-2: Ball 3-2: Strikes out swinging
|
|
Batting: RHB Joe Torre
|
0-0: Called Strike 0-1: Swinging Strike 0-2: Ball 1-2: Ball 2-2: Strikes out swinging
|
| Bottom of the 10th over - 0 runs, 0 hits, 0 errors, 0 left on base; Chicago 4 - St. Louis 4 |
| TOP OF THE 11TH |
|
Chicago Cubs batting - Pitching for St. Louis Cardinals : RHP Larry Andersen
|
|
Batting: LHB Johnny Grubb
|
0-0: Foul Ball, location: 2F 0-1: Ball 1-1: Foul Ball, location: 2F 1-2: SINGLE (Groundball, 34D, EV 96.9 MPH)
|
|
Batting: LHB Dave Bergman
|
0-0: Called Strike 0-1: Ball 1-1: Fly out, F6 (Popup, 6, EV 58.1 MPH)
|
|
Batting: RHB Jim Rice
|
0-0: Called Strike Johnny Grubb steals 2nd base 0-1: Ball 1-1: Ball 2-1: Ball Johnny Grubb steals 3rd base 3-1: Called Strike 3-2: Ground out 6-3 (Groundball, 6, EV 85.0 MPH)
|
|
Batting: SHB Roy Smalley
|
0-0: Intentional Walk
|
|
Batting: RHB Randy Ready
|
0-0: Called Strike 0-1: Ball 1-1: Swinging Strike 1-2: Ball 2-2: Ball 3-2: Base on Balls Roy Smalley to second
|
|
Batting: RHB Fran Mullins
|
0-0: Called Strike 0-1: Foul Ball, location: 2F 0-2: Ball 1-2: Strikes out looking
|
| Top of the 11th over - 0 runs, 1 hit, 0 errors, 3 left on base; Chicago 4 - St. Louis 4 |
| BOTTOM OF THE 11TH |
|
St. Louis Cardinals batting - Pitching for Chicago Cubs : RHP Tom Niedenfuer
|
|
Batting: SHB Billy E Smith
|
0-0: Ground out 4-3 (Groundball, 4, EV 88.1 MPH)
|
|
Pinch Hitting: RHB Craig Stimac
|
0-0: Ball 1-0: Fly out, F9 (Flyball, 89D, EV 91.3 MPH)
|
|
Batting: SHB Otis Nixon
|
0-0: Ball 1-0: Ball 2-0: Swinging Strike 2-1: SINGLE (Line Drive, 5D, EV 103.8 MPH)
|
|
Batting: LHB Jim Gantner
|
0-0: Ball 1-0: Called Strike 1-1: Ball 2-1: Fly out, F8 (Flyball, 8LXD, EV 90.6 MPH)
|
| Bottom of the 11th over - 0 runs, 1 hit, 0 errors, 1 left on base; Chicago 4 - St. Louis 4 |
| TOP OF THE 12TH |
|
Chicago Cubs batting - Pitching for St. Louis Cardinals : RHP Larry Andersen
|
|
Pitching: RHP Bert Roberge
|
|
|
Batting: RHB Rick Cerone
|
0-0: Called Strike 0-1: Ball 1-1: Ball 2-1: Ground out 6-3 (Groundball, 6D, EV 80.0 MPH)
|
|
Batting: RHB Tom Niedenfuer
|
0-0: Called Strike 0-1: Ball 1-1: Ground out 5-3 (Groundball, 56S, EV 83.8 MPH)
|
|
Batting: RHB Gary Ward
|
0-0: Ground out 5-3 (Groundball, 5, EV 83.8 MPH)
|
| Top of the 12th over - 0 runs, 0 hits, 0 errors, 0 left on base; Chicago 4 - St. Louis 4 |
| BOTTOM OF THE 12TH |
|
St. Louis Cardinals batting - Pitching for Chicago Cubs : RHP Tom Niedenfuer
|
|
Batting: RHB Sixto Lezcano
|
0-0: Called Strike 0-1: Foul Ball, location: 2F 0-2: Ball 1-2: Strikes out swinging
|
|
Batting: LHB Pat Putnam
|
0-0: Fly out, F8 (Flyball, 89D, EV 97.5 MPH)
|
|
Batting: RHB Bob Watson
|
0-0: Called Strike 0-1: SINGLE (Line Drive, 7S, EV 101.9 MPH)
|
|
Batting: LHB Mike Davis
|
0-0: Ball 1-0: Ball 2-0: DOUBLE (Flyball, 8RXD, EV 100.6 MPH) Bob Watson to third Runner from 3rd tries for Home, SAFE, throw by CF to trailing runner, SAFE at third!
|
| Bottom of the 12th over - 1 run, 2 hits, 0 errors, 0 left on base; Chicago 4 - St. Louis 5 |
|